 Dungeon Crawl Stone Soup version 0.18.1-47-g9310371 (webtiles) character file.

2291909 Necrotakul the Axe Maniac (level 27, 272/273 HPs)
             Began as a Minotaur Berserker on June 19, 2016.
             Was a High Priest of Trog.
             Escaped with the Orb
             ... and 4 runes on June 20, 2016!
             The game lasted 04:34:30 (74220 turns).

Necrotakul the Axe Maniac (Minotaur Berserker)     Turns: 74220, Time: 04:34:30

Health: 272/273    AC: 33    Str: 30    XL:     27
Magic:  29/29      EV: 27    Int:  7    God:    Trog [*****.]
Gold:   6044       SH: 26    Dex: 15    Spells: 0 memorised, 26 levels left

rFire  + + +     SeeInvis .     a - +7 broad axe (chop)
rCold  + + .     Gourm    .     M - +7 swamp dragon armour of Midsummer {rPois rF+ rC+ Str+5}
rNeg   . . .     Faith    .     O - +8 shield "Qibuinof" {*Contam rF+ rC+}
rPois  +         Spirit   .     W - +1 hat
rElec  .         Dismiss  .     z - +2 cloak {+Inv}
rCorr  +         Reflect  +     Z - +1 pair of gloves
SustAt .         Harm     .     R - +1 pair of boots of Ugubit {rPois}
MR     ++...     Rnd*Tele +     y - +3 amulet of reflection
Stlth  +.........               q - ring of protection from fire
                                F - ring of resist corrosion

@: very slightly contaminated, very resistant to hostile enchantments, very
unstealthy
A: retaliatory headbutt, horns 2, clumsy 1, slow regeneration 1, teleportitis 1
a: Berserk, Trog's Hand, Brothers in Arms, Burn Spellbooks, Renounce Religion,
Evoke Invisibility
0: Orb of Zot
}: 4/15 runes: decaying, serpentine, slimy, silver


You escaped.
You worshipped Trog.
Trog was extremely pleased with you.
You were not hungry.

You visited 11 branches of the dungeon, and saw 58 of its levels.
You visited the Abyss 1 time.
You also visited: Trove, Ice Cave and Wizlab.

You collected 8259 gold pieces.
You spent 2215 gold pieces at shops.

Inventory:

Hand Weapons
 a - a +7 broad axe of chopping (weapon)
Missiles
 x - 6 javelins of penetration (quivered)
Armour
 z - a +2 cloak of invisibility (worn)
 M - the +7 swamp dragon armour of Midsummer (worn) {rPois rF+ rC+ Str+5}
   (You found it on level 4 of the Depths)

   It affects your strength (+5).
   It protects you from fire.
   It protects you from cold.
   It protects you from poison.
 O - the +8 shield "Qibuinof" (worn) {*Contam rF+ rC+}
   (You found it on level 8 of the Lair of Beasts)

   It protects you from fire.
   It protects you from cold.
   It causes magical contamination when unequipped.
 R - the +1 pair of boots of Ugubit (worn) {rPois}
   (You found it on level 1 of the Snake Pit)

   It protects you from poison.
 W - a +1 hat (worn)
 Z - a +1 pair of gloves (worn)
Rods
 V - a +8 rod of inaccuracy (13/13)
   (You found it in a treasure trove)
Jewellery
 q - a ring of protection from fire (right hand)
 y - a +3 amulet of reflection (around neck)
 E - the ring "Kovarupt" {rC+ Int+2 Dex+2 Slay+2}
   (You found it on level 6 of the Pits of Slime)

   [ring of protection from cold]

   It affects your intelligence (+2).
   It affects your dexterity (+2).
   It affects your accuracy and damage with ranged weapons and melee attacks
   (+2).
   It protects you from cold.
 F - a ring of resist corrosion (left hand)
 T - an uncursed ring of flight
Wands
 o - a wand of disintegration (0/24)
 t - a wand of hasting (0/9)
 G - a wand of acid (6/15)
 K - a wand of teleportation (6/9)
 Q - a wand of digging (3/24)
 Y - a wand of heal wounds (6/9)
Scrolls
 b - a scroll of silence
 d - a scroll of enchant weapon
 e - 4 scrolls of holy word
 g - 4 scrolls of magic mapping
 h - 25 scrolls of teleportation
 k - 10 scrolls of fear
 l - 28 scrolls of remove curse
 m - a scroll of summoning
 p - 16 scrolls of recharging
 r - 13 scrolls of blinking
 w - 5 scrolls of identify
 D - 5 scrolls of vulnerability
 I - 4 scrolls of enchant armour
 J - a scroll of brand weapon
 P - 7 scrolls of immolation
Potions
 f - 23 potions of curing
 j - 6 potions of berserk rage
 n - a potion of heal wounds
 u - 6 potions of haste
 A - 5 potions of might
 H - 6 potions of resistance
 L - 3 potions of agility
 U - a potion of cancellation
Miscellaneous
 v - 3 phantom mirrors
Comestibles
 c - 31 bread rations
 i - 3 slices of pizza
 s - 19 fruits
 B - 23 meat rations
 C - 13 beef jerkies
 N - 7 royal jellies


   Skills:
 O Level 27 Fighting
 O Level 27 Axes
   Level 11.3(20.9) Maces & Flails
 - Level 11.8 Throwing
 + Level 24.8 Armour
 - Level 23.2 Dodging
 - Level 15.0 Shields
 - Level 10.0 Evocations


You had 26 spell levels left.
You didn't know any spells.

Dungeon Overview and Level Annotations

Branches:
Dungeon (15/15)            Temple (1/1) D:5            Lair (8/8) D:10
  Swamp (4/4) Lair:6        Snake (4/4) Lair:4        Slime (6/6) Lair:6
    Orc (2/2) D:12            Elf (3/3) Orc:2        Vaults (5/5) D:14
  Crypt (0/3) Vaults:3     Depths (5/5) D:15            Zot (5/5) Depths:5

Altars:
Ashenzari
Cheibriados
Dithmenos
Elyvilon
Fedhas
Gozag
Kikubaaqudgha
Makhleb
Nemelex Xobeh
Okawaru
Pakellas
Qazlal
Ru
Sif Muna
Trog
Vehumet
Xom
Yredelemnul
Zin
The Shining One
Beogh
Jiyva

Shops:
D:12 [   Orc:2 (*=[%   Elf:3 %   Snake:2 !   Snake:3 (   Vaults:1 }
Vaults:3 *   Vaults:4 *   Vaults:5 !*

Portals:
Hell: Depths:1 Depths:2 Depths:3 Depths:4 Depths:5
Abyss: Depths:4 Depths:5
Pandemonium: Depths:1 Depths:3
Ziggurat: Depths:1

Annotations:
Lair:6 exclusion: oklob plant
Lair:7 exclusion: oklob plant
Lair:8 exclusion: oklob plant


Innate Abilities, Weirdness & Mutations

You reflexively headbutt those who attack you in melee.
You have a pair of horns on your head.
You are clumsy. (Dex -2)
You regenerate slowly when monsters are visible.
You are occasionally teleported next to monsters.


Message History

A red devil comes into view. It is wielding a trident.
A sun demon comes into view.
The sun demon shouts!
The sun demon moves out of view.
A red devil and a balrug come into view.
The balrug gestures at you. Something smites you!
Your extra speed is starting to run out.
There is a stone staircase leading up here.
You climb upwards.
There is a stone staircase leading down here.
Evoke which item? (* to show all) (? for menu, Esc to quit)
Zapping:
Q - a wand of digging (4/24)
Press: ? - help, Shift-Dir - straight line The rock shatters into small pieces.
This wand has 3 charges left.
You feel yourself slow down.
You open the door.
There is an open door here.
There is a staircase leading out of the dungeon here.
You have escaped!

#.#.##.......>.##..#.#
#.#.##...#..#####..#.###
#.#.##.(....# #).#....
#.#.##..#...# #..####.
#.#.##......#####..# #..
#.#................# #.#
#.#..++'+++.##..##.# #.#
#.#..+...(+..#..##.# #.#
#.#..+.@..+..[.....# #.#
#.#..+....'..#..#### #.#
##.#..+....+.##...#####.#
#..#..++++++.............
#)####............##.##.#
#.# ###.........###.##.#
#.# ###.........#.##.#
#.# #..(...........# #.#
###.......#.....


There were no monsters in sight!

Vanquished Creatures
  3 orbs of fire (Zot:5)
  4 ancient liches
  3 juggernauts (Depths:2)
  Margery (Vaults:2)
  the Lernaean hydra (Swamp:4)
  6 Killer Klowns
  A curse toe (Zot:5)
  A caustic shrike (Depths:2)
  6 golden dragons
  A bone dragon (Depths:5)
  3 electric golems (Zot:5)
  19 tentacled monstrosities
  Rupert (Lair:6)
  4 titans (Vaults:5)
  A deep elf blademaster (Elf:3)
  An Ice Fiend (IceCv)
  5 liches
  24 Orb Guardians (Zot:5)
  2 deep elf master archers (Elf:3)
  5 sphinxes
  22 acid blobs
  Kirke (D:13)
  9 death cobs
  A thorn hunter (Swamp:4)
  An ancient champion (WizLab)
  15 storm dragons
  6 shadow dragons
  5 greater nagas
  8 tengu reavers
  9 draconian monks
  6 fire giants
  Wiglaf (Vaults:1)
  9 azure jellies
  10 frost giants
  6 orc warlords
  Maud (D:13)
  2 iron dragons
  7 deep elf sorcerers
  A ghost moth (Zot:2)
  2 balrugs
  7 draconian knights
  11 vault wardens
  A cacodemon (Abyss:2)
  5 draconian zealots
  3 draconian scorchers
  8 draconian shifters
  A war gargoyle (D:14)
  The ghost of trantor the Carver, a journeyman HEFi of Okawaru (Snake:1)
  11 very ugly things
  5 deep elf elementalists
  4 spriggan defenders
  4 draconian annihilators
  A reaper (Zot:4)
  21 stone giants
  9 ironheart preservers
  7 draconian callers
  4 vampire knights
  11 purple draconians
  A salamander stormcaller (Vaults:5)
  2 lorocyprocas
  9 red draconians
  The ghost of Zeloya the Nimble, a journeyman KoTm of Okawaru (Lair:7)
  9 deep elf annihilators
  11 green draconians
  Azrael (D:14)
  14 black draconians
  6 deep elf demonologists
  7 mottled draconians
  Nessos (D:14)
  3 spark wasps
  13 yellow draconians
  6 white draconians
  6 death oozes (Slime:6)
  7 ettins
  Snorg (D:13)
  A crystal guardian (Vaults:2)
  30 fire dragons
  11 deep elf death magi
  Josephine (Lair:6)
  6 deep elf high priests
  8 great orbs of eyes
  Harold (D:10)
  40 vault guards
  Fannar (Lair:2)
  23 hydras
  14 yaktaur captains
  5 entropy weavers
  3 rakshasas
  4 catoblepae (Lair:8)
  9 spriggan air magi
  12 naga warriors
  4 ghost crabs
  10 ice dragons
  3 anacondas
  2 death knights
  11 centaur warriors
  A hell beast (Depths:3)
  28 dancing weapons
  18 ogre magi
  12 deep troll shamans
  2 anacondas (shapeshifter) (Vaults:5)
  6 alligators
  3 tengu warriors
  6 spriggan berserkers
  11 deep troll earth magi
  6 shock serpents
  2 vampire magi
  Urug (D:13)
  17 death yaks (Lair:8)
  14 naga sharpshooters
  20 deep elf knights
  4 hell knights (Vaults:2)
  2 sun demons (Depths:4)
  7 orc high priests
  Nergalle (Lair:2)
  A fire crab (shapeshifter) (Elf:3)
  A shadow wraith (Vaults:2)
  15 skeletal warriors
  The ghost of trantor the Cleaver, a novice MiFi of Okawaru (D:5)
  A death drake (Depths:3)
  2 fire crabs
  5 iron trolls
  5 giant orange brains
  3 salamander mystics
  A death drake (shapeshifter) (Depths:2)
  5 spriggan druids
  A swamp dragon (shapeshifter) (Depths:5)
  7 starcursed masses (Abyss:2)
  2 unseen horrors (D:15)
  5 flayed ghosts
  25 deep elf archers
  6 naga ritualists
  8 hill giants
  24 deep trolls
  33 orc knights
  An orange crystal statue (Vaults:1)
  A phantasmal warrior (Vaults:1)
  7 ironbrand convokers
  2 lindwurms (Depths:3)
  14 swamp dragons
  A hill giant (shapeshifter) (Depths:5)
  2 shambling mangroves
  A wolf spider zombie (D:15)
  A mana viper (shapeshifter) (Elf:2)
  4 cyclopes
  6 orc sorcerers
  6 wolf spiders
  77 deep elf magi
  8 mana vipers
  A frost giant zombie (Vaults:3)
  5 wizards
  8 necromancers
  61 ugly things
  A faun (shapeshifter) (Vaults:3)
  19 salamanders
  116 slime creatures
  A manticore (shapeshifter) (Vaults:1)
  A manticore (D:15)
  9 shining eyes
  A hornet (Vaults:4)
  A fire giant zombie (Vaults:3)
  A griffon (Vaults:2)
  A stone giant zombie (Depths:1)
  2 tengu skeletons (Depths:1)
  A hornet (shapeshifter) (Abyss:2)
  6 elephants (Lair:3)
  5 sixfirhies
  A human zombie (Vaults:3)
  Maurice (D:12)
  An octopode (shapeshifter) (D:13)
  19 moths of wrath
  25 black mambas
  Joseph (D:15)
  A worldbinder (Abyss:2)
  An elephant (shapeshifter) (Depths:5)
  A moth of wrath (shapeshifter) (Vaults:4)
  6 large abominations
  17 vault sentinels
  2 guardian serpents
  A rust devil (D:6)
  3 eyes of devastation
  5 ice statues
  20 naga magi
  A gargoyle (D:13)
  16 spiny frogs
  7 rime drakes
  2 kobold demonologists
  41 yaktaurs
  A hellwing (Depths:5)
  4 freezing wraiths
  A redback zombie (D:11)
  11 ice devils
  13 komodo dragons
  2 yaktaurs (shapeshifter)
  An anaconda simulacrum (IceCv)
  A tormentor (Abyss:2)
  2 red devils (Depths:5)
  2 tengu conjurers
  11 trolls
  A jumping spider (shapeshifter) (Depths:1)
  23 two-headed ogres
  5 giant leeches
  A queen bee (Depths:2)
  2 wind drakes (shapeshifter)
  A raiju (Abyss:2)
  A jumping spider (Depths:4)
  A two-headed ogre (shapeshifter) (Depths:1)
  A blink frog (shapeshifter) (Depths:3)
  18 blink frogs
  A harpy skeleton (D:14)
  15 bog bodies
  A deep troll zombie (Depths:1)
  5 boulder beetles
  An ettin zombie (Vaults:3)
  8 redbacks
  12 water elementals
  A spriggan (shapeshifter) (Vaults:1)
  A centaur simulacrum (D:15)
  2 shadows
  4 tarantellas
  18 spriggans
  An air elemental (Elf:1)
  A wyvern (shapeshifter) (D:14)
  A dire elephant simulacrum (IceCv)
  3 wyverns
  A hill giant zombie (WizLab)
  7 vampires
  35 yaks
  6 fire elementals
  4 hogs (D:13)
  11 wraiths
  8 hippogriffs
  A yaktaur simulacrum (Vaults:1)
  A golden eye (shapeshifter) (Depths:1)
  3 golden eyes
  A human (shapeshifter) (Vaults:5)
  A mottled dragon (D:10)
  18 vampire mosquitoes
  A chaos spawn (D:14)
  16 swamp worms
  16 wargs
  2 neqoxecs (Depths:3)
  40 nagas
  2 soldier ants (D:13)
  3 harpy simulacra (IceCv)
  6 insubstantial wisps (Swamp:4)
  15 water moccasins
  12 porcupines
  4 hell hounds (D:14)
  4 hydra simulacra (IceCv)
  A giant eyeball (Depths:2)
  6 sky beasts
  11 swamp drakes
  25 wasps
  14 ice beasts
  51 orc warriors
  2 ettin simulacra
  A sky beast (shapeshifter) (Vaults:2)
  2 black bears
  6 eyes of draining
  3 phantoms
  6 wolves
  88 ogres
  22 centaurs
  An eye of draining (shapeshifter) (Depths:4)
  3 small abominations (Abyss:2)
  6 big kobolds (D:11)
  21 crocodiles
  18 giant frogs
  A wyvern zombie (D:10)
  3 earth elementals
  2 wyvern skeletons
  2 scorpions
  A tengu zombie (Depths:1)
  8 troll zombies (WizLab)
  33 killer bees
  10 wights (WizLab)
  4 electric eels
  A howler monkey (D:11)
  A howler monkey (shapeshifter) (Vaults:5)
  4 centaur zombies
  A crimson imp (Depths:3)
  3 giant frog zombies
  5 quasits
  A giant frog skeleton (D:8)
  24 jellies
  5 centaur skeletons
  21 orc priests
  7 hounds
  34 orc wizards
  3 iron imps
  6 iguanas
  7 worker ants
  A hell rat (shapeshifter) (Vaults:5)
  2 ogre zombies (WizLab)
  25 sheep
  3 worker ant zombies
  11 adders
  32 river rats
  9 shadow imps
  2 white imps (Depths:3)
  3 ufetubi (Depths:3)
  An ooze (D:2)
  2 adder skeletons
  An adder zombie (D:7)
  18 worms
  A dart slug (D:1)
  7 giant geckos
  105 orcs
  6 giant cockroaches
  12 goblins
  8 hobgoblins
  22 jackals
  23 kobolds
  2 quokkas
  A ball python (D:2)
  10 bats
  A giant gecko skeleton (D:5)
  A giant newt (shapeshifter) (Vaults:5)
  5 giant newts
  2 goblin skeletons (D:6)
  3 goblin zombies (D:6)
  3 hobgoblin zombies (D:6)
  A jackal skeleton (D:5)
  A kobold skeleton (D:6)
  A kobold zombie (D:6)
  3 orc skeletons (D:6)
  2 orc zombies (D:6)
  A quokka skeleton (D:5)
  8 rats
  A butterfly (Lair:2)
  5 crawling corpses
  8 fungi
  3 plants
2706 creatures vanquished.

Vanquished Creatures (collateral kills)
  the Royal Jelly (Slime:6)
  A golden dragon (Zot:2)
  An Orb Guardian (Zot:5)
  A deep elf blademaster (Elf:3)
  Frances (D:14)
  A greater naga (Snake:4)
  An azure jelly (Slime:6)
  A draconian scorcher (Zot:2)
  A black draconian (Zot:2)
  A red draconian (Zot:2)
  A yellow draconian (Zot:5)
  A deep elf death mage (Elf:3)
  3 naga warriors (Snake:4)
  2 naga sharpshooters (Snake:4)
  A deep elf mage (Elf:3)
  A naga mage (Snake:4)
  A yaktaur (Vaults:1)
  2 killer bees (D:14)
22 creatures vanquished.

Vanquished Creatures (others)
  2 tengu reavers
  A fire giant (Vaults:4)
  The ghost of lepiPlod666 the Destroyer, an adept OpFE of Vehumet (IceCv)
  A draconian knight (Zot:4)
  2 draconian shifters (Zot:3)
  A draconian scorcher (Depths:3)
  A draconian zealot (Zot:4)
  3 deep elf elementalists
  A draconian annihilator (Zot:4)
  3 stone giants
  2 green draconians
  A deep elf annihilator (Vaults:5)
  A yellow draconian (Depths:5)
  2 purple draconians (Zot:3)
  2 centaur warriors
  A deep elf knight (Elf:2)
  A small abomination (Elf:2)
  A deep elf mage (Elf:2)
  A moth of wrath (Zot:3)
  An ice devil (IceCv)
  6 yaktaurs
  A two-headed ogre (Vaults:2)
  A giant leech (Swamp:4)
  3 swamp worms
  A naga (Snake:2)
  A giant eyeball (Depths:5)
  2 swamp drakes
  3 ogres
  A wolf (Lair:8)
  A jelly (Slime:5)
  A sheep (Lair:7)
  A quokka (D:7)
  6 bushes
  28 fungi
  26 plants
111 creatures vanquished.

Grand Total: 2839 creatures vanquished

Notes
Turn   | Place    | Note
--------------------------------------------------------------
     0 | D:1      | Necrotakul the Minotaur Berserker began the quest for the Orb.
     0 | D:1      | Reached XP level 1. HP: 19/19 MP: 0/0
   130 | D:1      | Reached XP level 2. HP: 23/26 MP: 1/1
   628 | D:2      | Reached skill level 5 in Axes
   628 | D:2      | Reached ** piety under Trog
   662 | D:2      | Reached XP level 3. HP: 23/33 MP: 2/2
   845 | D:2      | Found a shadowy altar of Dithmenos.
   932 | D:2      | Found an oddly glowing altar of Pakellas.
   934 | D:2      | Found a burning altar of Makhleb.
   943 | D:2      | Found a shattered altar of Ashenzari.
   997 | D:2      | Found a stormy altar of Qazlal.
  1062 | D:2      | Found a bloodstained altar of Trog.
  1227 | D:2      | Found a sacrificial altar of Ru.
  1422 | D:3      | Reached XP level 4. HP: 40/40 MP: 3/3
  1804 | D:3      | Reached *** piety under Trog
  2254 | D:4      | Reached skill level 5 in Armour
  2257 | D:4      | Reached XP level 5. HP: 46/46 MP: 4/4
  2495 | D:4      | Noticed an ogre
  2512 | D:4      | Killed an ogre
  2512 | D:4      | Reached XP level 6. HP: 52/52 MP: 5/5
  2885 | D:5      | Entered Level 5 of the Dungeon
  3162 | D:5      | Noticed an ice beast
  3176 | D:5      | Killed an ice beast
  3176 | D:5      | Reached XP level 7. HP: 39/60 MP: 6/6
  3226 | D:5      | Reached skill level 5 in Fighting
  3321 | D:5      | Found a deep blue altar of Sif Muna.
  3459 | D:5      | Identified the Papyrus of Flying Malediction
  3695 | D:5      | Found a snail-covered altar of Cheibriados.
  3741 | D:5      | Noticed trantor's ghost (novice MiFi)
  3756 | D:5      | Killed trantor's ghost
  3756 | D:5      | Reached XP level 8. HP: 68/68 MP: 7/7
  3833 | D:5      | Reached **** piety under Trog
  3874 | D:5      | Found a staircase to the Ecumenical Temple.
  3880 | Temple   | Entered the Ecumenical Temple
  4159 | D:6      | Found an oddly glowing altar of Pakellas.
  4204 | D:6      | Reached XP level 9. HP: 63/74 MP: 8/8
  4210 | D:6      | Found a glowing golden altar of the Shining One.
  4813 | D:7      | Reached skill level 10 in Axes
  4975 | D:7      | Found a sparkling altar of Nemelex Xobeh.
  5023 | D:7      | Found an ancient bone altar of Kikubaaqudgha.
  5388 | D:7      | Found a white marble altar of Elyvilon.
  5510 | D:7      | Got a shimmering ring mail
  6325 | D:8      | Identified the +1 ring mail of Quec {Dex+3} (You found it on level 7 of the Dungeon)
  6698 | D:8      | Found a radiant altar of Vehumet.
  6762 | D:8      | Reached skill level 10 in Fighting
  6762 | D:8      | Reached XP level 10. HP: 93/93 MP: 9/9
  7112 | D:9      | Reached ***** piety under Trog
  7408 | D:9      | Noticed a cyclops
  7426 | D:9      | Killed a cyclops
  7800 | D:9      | Reached skill level 10 in Armour
  8219 | D:9      | Noticed a deep elf mage
  8230 | D:9      | Killed a deep elf mage
  8737 | D:9      | Found a glowing silver altar of Zin.
  8763 | D:9      | Found a basalt altar of Yredelemnul.
  8963 | D:10     | Entered Level 10 of the Dungeon
 10032 | D:10     | Found a staircase to the Lair.
 10278 | D:11     | Reached XP level 11. HP: 91/99 MP: 10/10
 10285 | D:11     | Received a gift from Trog
 10436 | D:11     | Noticed a hill giant
 10443 | D:11     | Killed a hill giant
 10523 | D:11     | Noticed a five-headed hydra
 10546 | D:11     | Killed a five-headed hydra
 10932 | D:11     | Got a shimmering brass ring
 11013 | D:11     | Reached skill level 5 in Shields
 11219 | D:11     | Identified the ring "Pownyess" {rPois Stlth-} (You found it on level 11 of the Dungeon)
 11749 | Lair:1   | Entered Level 1 of the Lair of Beasts
 11749 | Lair:1   | Noticed Harold
 11927 | D:10     | Killed Harold
 12099 | Lair:1   | Noticed a five-headed hydra
 12109 | Lair:1   | Killed a five-headed hydra
 12111 | Lair:1   | Received a gift from Trog
 12671 | Lair:1   | Reached skill level 10 in Shields
 13227 | Lair:1   | Reached XP level 12. HP: 84/106 MP: 3/11
 14300 | Lair:2   | Noticed Nergalle
 14323 | Lair:2   | Killed Nergalle
 14393 | Lair:2   | Noticed Fannar
 14413 | Lair:2   | Killed Fannar
 16036 | Lair:3   | Noticed a four-headed hydra
 16047 | Lair:3   | Killed a four-headed hydra
 17250 | Lair:4   | Found a staircase to the Snake Pit.
 17286 | Lair:4   | Noticed a four-headed hydra
 17301 | Lair:4   | Killed a four-headed hydra
 17301 | Lair:4   | Reached skill level 15 in Axes
 17394 | Lair:4   | Reached XP level 13. HP: 85/113 MP: 12/12
 17931 | Lair:5   | Received a gift from Trog
 18147 | Lair:5   | Identified a scroll of acquirement
 18922 | Lair:6   | Found a staircase to the Slime Pits.
 18922 | Lair:6   | Found a viscous altar of Jiyva.
 18931 | Lair:6   | Noticed Josephine
 18940 | Lair:6   | Killed Josephine
 19065 | Lair:6   | Found a staircase to the Swamp.
 19423 | Lair:6   | Noticed Rupert
 19445 | Lair:6   | Killed Rupert
 20060 | Lair:7   | Noticed Zeloya's ghost (journeyman KoTm)
 20099 | Lair:7   | Killed Zeloya's ghost
 20293 | Lair:7   | Found a blossoming altar of Fedhas.
 21254 | Lair:8   | Entered Level 8 of the Lair of Beasts
 21482 | Lair:8   | Received a gift from Trog
 21945 | Lair:8   | Reached XP level 14. HP: 81/132 MP: 13/13
 22527 | Lair:8   | Reached skill level 15 in Fighting
 22835 | Lair:8   | Got a spiked shield
 22846 | Lair:8   | Identified the +8 shield "Qibuinof" {*Contam rF+ rC+} (You found it on level 8 of the Lair of Beasts)
 23038 | Lair:8   | Reached skill level 10 in Dodging
 23235 | Lair:8   | Received a gift from Trog
 23971 | D:12     | Found a staircase to the Orcish Mines.
 23976 | D:12     | Found Biodouw's Armour Shop.
 24014 | D:12     | Noticed Maurice
 24025 | D:12     | Killed Maurice
 24343 | Orc:1    | Entered Level 1 of the Orcish Mines
 24621 | Orc:2    | Entered Level 2 of the Orcish Mines
 24728 | Orc:2    | Found Xeegierr's Food Shop.
 24793 | Orc:1    | Found a roughly hewn altar of Beogh.
 25280 | Orc:2    | Received a gift from Trog
 25389 | Orc:2    | Noticed an orc warlord
 25391 | Orc:2    | Found a roughly hewn altar of Beogh.
 25399 | Orc:2    | Reached ****** piety under Trog
 25405 | Orc:2    | Killed an orc warlord
 25811 | Orc:2    | Found Miplupri's Antique Armour Emporium.
 25826 | Orc:2    | Found Xatac's Jewellery Emporium.
 25845 | Orc:2    | Found a staircase to the Elven Halls.
 25875 | Orc:2    | Reached XP level 15. HP: 119/141 MP: 14/14
 25928 | Orc:2    | Found Veisum's Antique Weapon Emporium.
 25943 | Orc:2    | Found Iczuif's General Store.
 26355 | D:13     | Noticed Maud
 26359 | D:13     | Found a deep blue altar of Sif Muna.
 26378 | D:13     | Killed Maud
 26412 | D:13     | Noticed Snorg
 26424 | D:13     | Killed Snorg
 26468 | D:13     | Noticed Kirke
 26474 | D:13     | Received a gift from Trog
 26481 | D:13     | Killed Kirke
 26482 | D:13     | Noticed Urug
 26492 | D:13     | Killed Urug
 26770 | D:14     | Noticed Azrael
 26777 | D:14     | Killed Azrael
 26813 | D:14     | Noticed Frances
 26824 | D:14     | Killed Frances
 26959 | D:14     | Found a gate to the Vaults.
 26983 | D:14     | Reached skill level 15 in Shields
 27518 | D:14     | Noticed Nessos
 27530 | D:14     | Killed Nessos
 27853 | D:15     | Entered Level 15 of the Dungeon
 27944 | D:15     | Found a staircase to the Depths.
 27966 | D:15     | Found a portal to a secret trove of treasure.
 28113 | D:15     | Noticed Joseph
 28125 | D:15     | Killed Joseph
 28193 | D:15     | Reached XP level 16. HP: 149/149 MP: 15/15
 28275 | D:15     | Received a gift from Trog
 28352 | D:15     | Got a warped flail
 28353 | D:15     | Identified the +8 flail of Fiyvvubb {drain, +Fly} (You found it on level 15 of the Dungeon)
 28936 | Swamp:1  | Entered Level 1 of the Swamp
 30289 | Swamp:2  | Got an ancient mace
 30290 | Swamp:2  | Identified the +5 mace of the Butterfly {crush, +Fly Str+4} (You found it on level 2 of the Swamp)
 30731 | Swamp:3  | Got a pair of faintly humming boots
 30742 | Swamp:3  | Identified the -1 pair of boots "Jeziqeitt" {MR+ Str-3 Dex+3} (You found it on level 3 of the Swamp)
 30801 | Swamp:3  | Found a frozen archway.
 30820 | IceCv    | Entered an ice cave
 31031 | IceCv    | Noticed lepiPlod666's ghost (adept OpFE)
 31044 | IceCv    | Killed lepiPlod666's ghost
 31697 | IceCv    | Noticed an Ice Fiend
 31716 | IceCv    | Killed an Ice Fiend
 31962 | IceCv    | Got a jasper-encrusted chain mail
 31973 | IceCv    | Identified the cursed +0 chain mail "Xochuh" {rC- MR+++ Regen+ Dex-5} (You found it in an ice cave)
 31975 | IceCv    | Got a bloodstained trident
 31976 | IceCv    | Identified the +5 trident of the Lesser Evil {speed, rPois rN+ MP+9 Int-2} (You found it in an ice cave)
 32478 | Swamp:4  | Entered Level 4 of the Swamp
 32485 | Swamp:4  | Noticed a thorn hunter
 32499 | Swamp:4  | Killed a thorn hunter
 32750 | Swamp:4  | Received a gift from Trog
 33147 | Swamp:4  | Noticed the 27-headed Lernaean hydra
 33158 | Swamp:4  | Killed the 26-headed Lernaean hydra
 33186 | Swamp:4  | Got a decaying rune of Zot
 33250 | Swamp:4  | Reached XP level 17. HP: 158/158 MP: 16/16
 33363 | Swamp:4  | Got a brightly glowing plate armour
 33374 | Swamp:4  | Identified the +10 plate armour of the Morning {+Blink rC++ Regen+ Int-3} (You found it on level 4 of the Swamp)
 33921 | Swamp:4  | Got a transparent rapier
 33922 | Swamp:4  | Identified the +4 rapier "Heduklie" {pain, rElec rC+ rN+ MR+ Stlth-} (You found it on level 4 of the Swamp)
 34035 | Swamp:3  | Reached skill level 1 in Evocations
 34196 | Snake:1  | Entered Level 1 of the Snake Pit
 34338 | Snake:1  | Got a pair of ancient boots
 34350 | Snake:1  | Identified the +1 pair of boots of Ugubit {rPois} (You found it on level 1 of the Snake Pit)
 34500 | Snake:1  | Noticed trantor's ghost (journeyman HEFi)
 34517 | Snake:1  | Killed trantor's ghost
 34604 | Snake:1  | Received a gift from Trog
 34992 | Snake:2  | Reached skill level 5 in Evocations
 35531 | Snake:2  | Found Wics's Distillery.
 36544 | Snake:3  | Received a gift from Trog
 36880 | Snake:3  | Found Xien's Weapon Shoppe.
 37465 | Snake:4  | Entered Level 4 of the Snake Pit
 37678 | Snake:4  | Paralysed by a salamander for 5 turns
 37702 | Snake:4  | Reached skill level 10 in Evocations
 38071 | Snake:4  | Reached XP level 18. HP: 168/168 MP: 24/24
 38570 | Snake:4  | Received a gift from Trog
 38877 | Snake:4  | Received a gift from Trog
 39085 | Snake:4  | Got a serpentine rune of Zot
 39482 | Elf:1    | Entered Level 1 of the Elven Halls
 40155 | Elf:1    | Received a gift from Trog
 40334 | Elf:1    | Cast into level 2 of the Abyss (a deep elf demonologist)
 40657 | Abyss:2  | Gained mutation: You are dopey. (Int -2) [a cacodemon]
 40668 | Elf:1    | Escaped the Abyss
 40835 | Elf:1    | Reached skill level 15 in Armour
 41214 | Elf:2    | Received a gift from Trog
 41214 | Elf:2    | Reached XP level 19. HP: 174/187 MP: 25/25
 41533 | Elf:2    | Found a shimmering altar of Xom.
 41665 | Elf:2    | Found a huge runed gate.
 41665 | Elf:2    | Found a huge runed gate.
 41665 | Elf:2    | Found a huge runed gate.
 41665 | Elf:2    | Found a huge runed gate.
 41665 | Elf:2    | Found a huge runed gate.
 42348 | Elf:2    | Received a gift from Trog
 42557 | Elf:3    | Entered Level 3 of the Elven Halls
 42587 | Elf:3    | Found Guinal's Food Boutique.
 42735 | Elf:3    | Reached skill level 1 in Maces & Flails
 43182 | Elf:3    | Noticed a Tzitzimitl
 43198 | Elf:3    | Reached skill level 5 in Maces & Flails
 43316 | Elf:3    | Received a gift from Trog
 43637 | Elf:3    | Reached skill level 10 in Maces & Flails
 43757 | Elf:3    | Got a sparkling iron amulet
 43834 | Elf:3    | Reached XP level 20. HP: 194/194 MP: 26/26
 43862 | Elf:3    | Identified the amulet "Wuuwoca" {Spirit MR- Str+7 Int+4} (You took it off a deep elf high priest on level 3 of the Elven Halls)
 44000 | Elf:3    | Received a gift from Trog
 44350 | Vaults:1 | Entered Level 1 of the Vaults
 44350 | Vaults:1 | Noticed Wiglaf
 44359 | Vaults:1 | Killed Wiglaf
 44427 | Vaults:1 | Found Adev's Gadget Emporium.
 44870 | Vaults:1 | Received a gift from Trog
 45041 | Vaults:1 | Lost intelligence.
 45258 | Vaults:1 | Reached skill level 15 in Dodging
 45804 | Vaults:2 | Gained mutation: You occasionally shout uncontrollably at your foes. [a cacodemon]
 45805 | Vaults:2 | Gained mutation: You are clumsy. (Dex -2) [a cacodemon]
 45830 | Vaults:2 | Received a gift from Trog
 45926 | Vaults:2 | Noticed Margery
 45953 | Vaults:2 | Killed Margery
 46509 | Vaults:2 | Received a gift from Trog
 46536 | Vaults:2 | Reached XP level 21. HP: 182/202 MP: 27/27
 47253 | Vaults:3 | Found a roughly hewn altar of Beogh.
 47514 | Vaults:3 | Found a staircase to the Crypt.
 47514 | Vaults:3 | Found an ancient bone altar of Kikubaaqudgha.
 47515 | Vaults:3 | Found a basalt altar of Yredelemnul.
 47538 | Vaults:3 | Received a gift from Trog
 48181 | Vaults:3 | Found Xyal's General Store.
 48473 | Vaults:4 | Found Ydanyevi's Assorted Antiques.
 48488 | Vaults:4 | Bought a scroll of enchant armour for 142 gold pieces
 48488 | Vaults:4 | Bought a brass wand for 76 gold pieces
 48488 | Vaults:4 | Bought a potion of might for 76 gold pieces
 48488 | Vaults:4 | Bought a scroll of teleportation for 57 gold pieces
 48488 | Vaults:4 | Bought a scroll of holy word for 142 gold pieces
 48488 | Vaults:4 | Bought a scroll of teleportation for 57 gold pieces
 48689 | Vaults:4 | Received a gift from Trog
 49583 | Vaults:5 | Entered Level 5 of the Vaults
 49685 | Vaults:4 | Received a gift from Trog
 50033 | Vaults:4 | Reached XP level 22. HP: 210/210 MP: 28/28
 50564 | D:15     | You paid a toll of a +4 storm dragon armour to enter a treasure trove
 50565 | Trove    | Entered a treasure trove
 50567 | Trove    | Found an oddly glowing altar of Pakellas.
 50612 | Trove    | Identified a +8 rod of inaccuracy (13/13) (You found it in a treasure trove)
 50614 | Trove    | Identified a +5 rod of ignition (10/10) (You took it off a deep elf death mage on level 3 of the Elven Halls)
 50623 | Trove    | Identified a +0 rod of ignition (13/13) (You found it in a treasure trove)
 51652 | Vaults:5 | Found Juddirche's Distillery.
 51745 | Vaults:5 | Bought a potion of beneficial mutation for 700 gold pieces
 51745 | Vaults:5 | Bought a potion of curing for 60 gold pieces
 51745 | Vaults:5 | Bought a potion of curing for 60 gold pieces
 51745 | Vaults:5 | Bought a potion of agility for 80 gold pieces
 51745 | Vaults:5 | Bought a potion of heal wounds for 100 gold pieces
 51745 | Vaults:5 | Bought a potion of resistance for 200 gold pieces
 51748 | Vaults:5 | Lost mutation: You are clumsy. (Dex -2) [potion of cure mutation]
 51748 | Vaults:5 | Lost mutation: You are dopey. (Int -2) [potion of cure mutation]
 51748 | Vaults:5 | Lost mutation: You occasionally shout uncontrollably at your foes. [potion of cure mutation]
 51749 | Vaults:5 | Gained mutation: You are resistant to electric shocks. [potion of beneficial mutation]
 51836 | Vaults:5 | Found Ledghiex's General Store.
 51891 | Vaults:5 | Received a gift from Trog
 51990 | Vaults:5 | Bought a potion of cure mutation for 375 gold pieces
 51990 | Vaults:5 | Bought a scroll of teleportation for 45 gold pieces
 51990 | Vaults:5 | Bought a scroll of teleportation for 45 gold pieces
 52347 | Vaults:5 | Got a spiked plate armour
 52351 | Vaults:5 | Got a silver rune of Zot
 52352 | Vaults:5 | Identified the +8 plate armour of the Hidden Vale {rPois Str+4} (You found it on level 5 of the Vaults)
 53010 | Depths:1 | Entered Level 1 of the Depths
 53266 | Depths:1 | Got a scorched plate armour
 53267 | Depths:1 | Identified the +1 plate armour of the Stag {MP+9 Dex+4 Stlth+} (You found it on level 1 of the Depths)
 53288 | Depths:1 | Got a pitted crystal amulet
 53289 | Depths:1 | Identified the amulet "Qidic" {RegenMP rC+++ Str-5 Dex+3 Stlth+} (You acquired it on level 1 of the Depths)
 53341 | Depths:1 | Found a gateway to a ziggurat.
 53400 | Depths:1 | Found a one-way gate leading to the halls of Pandemonium.
 53485 | Depths:1 | Found a gateway to Hell.
 53504 | Depths:1 | Reached XP level 23. HP: 193/217 MP: 29/29
 53527 | Depths:1 | Received a gift from Trog
 54363 | Depths:2 | Reached skill level 27 in Axes
 54525 | Depths:2 | Noticed a juggernaut
 54615 | Depths:2 | Noticed a juggernaut
 54642 | Depths:2 | Found a runed door.
 54665 | Depths:2 | Received a gift from Trog
 54771 | Depths:2 | Killed a juggernaut
 54829 | Depths:2 | Noticed a caustic shrike
 54836 | Depths:2 | Killed a caustic shrike
 55618 | Depths:2 | Identified a +4 rod of ignition (11/11) (You took it off a vampire knight on level 2 of the Depths)
 55744 | Depths:2 | Received a gift from Trog
 56041 | Depths:2 | Noticed a juggernaut
 56056 | Depths:2 | Killed a juggernaut
 56465 | Depths:2 | Killed a juggernaut
 57404 | Depths:2 | Got a scintillating bronze ring
 57405 | Depths:2 | Identified the ring "Elaysahi" {rPois SInv} (You found it on level 2 of the Depths)
 57549 | Depths:2 | Received a gift from Trog
 58017 | Depths:3 | Reached XP level 24. HP: 236/236 MP: 29/29
 58301 | Depths:3 | Gained mutation: Scrolls take you a little longer to read. [a neqoxec]
 58323 | Depths:3 | Received a gift from Trog
 60747 | Depths:4 | Got a steaming swamp dragon armour
 60750 | Depths:4 | Identified the +7 swamp dragon armour of Midsummer {rPois rF+ rC+ Str+5} (You found it on level 4 of the Depths)
 60896 | Depths:4 | Received a gift from Trog
 61105 | Depths:4 | Found a one-way gate to the infinite horrors of the Abyss.
 61194 | Depths:5 | Entered Level 5 of the Depths
 61439 | Depths:5 | Found a gate to the Realm of Zot.
 61444 | Depths:5 | Paralysed by a giant eyeball for 2 turns
 61728 | Depths:5 | Found a magical portal.
 61737 | WizLab   | Entered Zonguldrok's Shrine
 62024 | WizLab   | Noticed an antique lich
 62032 | WizLab   | Killed an antique lich
 62032 | WizLab   | Reached XP level 25. HP: 255/255 MP: 29/29
 62160 | Depths:5 | Reached skill level 27 in Fighting
 62852 | Depths:5 | Received a gift from Trog
 62983 | Zot:1    | Entered Level 1 of the Realm of Zot
 64997 | Zot:2    | Received a gift from Trog
 65456 | Zot:2    | Reached XP level 26. HP: 266/266 MP: 18/29
 66163 | Zot:3    | Received a gift from Trog
 66226 | Zot:3    | Noticed an orb of fire
 68026 | Zot:5    | Entered Level 5 of the Realm of Zot
 69116 | Slime:1  | Entered Level 1 of the Pits of Slime
 69173 | Slime:4  | Gained mutation: You possess an exceptional clarity of mind. [a shining eye]
 69182 | Slime:4  | Gained mutation: You are dopey. (Int -2) [a shining eye]
 69191 | Slime:4  | Gained mutation: Your muscles are strong. (Str +2) [a shining eye]
 69536 | Slime:5  | Gained mutation: You expend magic power (3 MP) to strengthen your wands. [a shining eye]
 69561 | Slime:6  | Entered Level 6 of the Pits of Slime
 69715 | Slime:6  | Received a gift from Trog
 69715 | Slime:6  | Reached skill level 1 in Throwing
 69780 | Slime:6  | Gained mutation: You are frail (-10% HP). [a shining eye]
 69844 | Slime:5  | Reached skill level 5 in Throwing
 70214 | Slime:6  | Gained mutation: Your magical capacity is low (-10% MP). [a shining eye]
 70215 | Slime:6  | Gained mutation: You are occasionally teleported next to monsters. [a shining eye]
 70217 | Slime:6  | Gained mutation: You are very frail (-20% HP). [a shining eye]
 70228 | Slime:6  | Lost mutation: Scrolls take you a little longer to read. [potion of cure mutation]
 70228 | Slime:6  | Lost mutation: You expend magic power (3 MP) to strengthen your wands. [potion of cure mutation]
 70228 | Slime:6  | Lost mutation: Your magical capacity is low (-10% MP). [potion of cure mutation]
 70228 | Slime:6  | Lost mutation: You possess an exceptional clarity of mind. [potion of cure mutation]
 70229 | Slime:6  | Lost mutation: You are very frail (-20% HP). [potion of cure mutation]
 70229 | Slime:6  | Lost mutation: You are frail (-10% HP). [potion of cure mutation]
 70229 | Slime:6  | Lost mutation: You are resistant to electric shocks. [potion of cure mutation]
 70229 | Slime:6  | Lost mutation: You are dopey. (Int -2) [potion of cure mutation]
 70449 | Slime:6  | Noticed the Royal Jelly
 70454 | Slime:6  | Killed the Royal Jelly
 70454 | Slime:6  | Reached XP level 27. HP: 268/273 MP: 29/29
 70689 | Slime:6  | Received a gift from Trog
 70718 | Slime:6  | Got a slimy rune of Zot
 70725 | Slime:6  | Lost mutation: You are occasionally teleported next to monsters. [potion of cure mutation]
 70725 | Slime:6  | Lost mutation: Your muscles are strong. (Str +2) [potion of cure mutation]
 70769 | Slime:6  | Got a fine marble ring
 70770 | Slime:6  | Identified the ring "Rotruom" {*Corrode rPois rC+ Str+2 Stlth-} (You found it on level 6 of the Pits of Slime)
 70802 | Slime:6  | Got a wavering glass ring
 70803 | Slime:6  | Identified the ring "Kovarupt" {rC+ Int+2 Dex+2 Slay+2} (You found it on level 6 of the Pits of Slime)
 70811 | Slime:6  | Identified a +2 rod of inaccuracy (13/13) (You found it on level 6 of the Pits of Slime)
 70968 | Slime:2  | Gained mutation: You regenerate slowly when monsters are visible. [a shining eye]
 71731 | Zot:5    | Noticed an ancient lich
 71735 | Zot:5    | Reached skill level 10 in Throwing
 71737 | Zot:5    | Noticed an orb of fire
 71741 | Zot:5    | Killed an ancient lich
 71749 | Zot:5    | Noticed an orb of fire
 71760 | Zot:5    | Killed an orb of fire
 71760 | Zot:5    | Gained mutation: You do not regenerate naturally when monsters are visible. [an orb of fire]
 71766 | Zot:5    | Gained mutation: Your body sometimes deteriorates upon taking damage. [an orb of fire]
 71767 | Zot:5    | Killed an orb of fire
 71954 | Zot:5    | Lost mutation: Your body sometimes deteriorates upon taking damage. [potion of cure mutation]
 71954 | Zot:5    | Lost mutation: You do not regenerate naturally when monsters are visible. [potion of cure mutation]
 72264 | Zot:5    | Noticed an ancient lich
 72277 | Zot:5    | Killed an ancient lich
 72439 | Zot:5    | Noticed an orb of fire
 72450 | Zot:5    | Noticed an ancient lich
 72450 | Zot:5    | Killed an orb of fire
 72461 | Zot:5    | Killed an ancient lich
 72824 | Zot:5    | Received a gift from Trog
 73554 | Zot:5    | Got the Orb of Zot
 73745 | Zot:1    | Gained mutation: You are occasionally teleported next to monsters. [mutagenic glow]
 73780 | Zot:1    | Gained mutation: You are clumsy. (Dex -2) [mutagenic glow]
 73820 | Depths:4 | Noticed Wiecs the pandemonium lord
 74079 | D:7      | Noticed Zaqefam the pandemonium lord
 74220 | D:$      | Escaped with the Orb!

Skill      XL: |  1  2  3  4  5  6  7  8  9 10 11 12 13 14 15 16 17 18 19 20 21 22 23 24 25 26 27 |
---------------+----------------------------------------------------------------------------------+-----
Axes           | 4 5 8 10 15 16 17 20 23 26 27 | 27.0
Armour         | 3 5 7 8 13 14 15 18 21 24 | 24.8
Fighting       | 4 5 10 14 15 16 20 23 26 27 | 27.0
Dodging        | 7 10 13 17 18 19 23 | 23.2
Shields        | 11 15 | 15.0
Evocations     | 10 | 10.0
Maces & Flails | 10 11 | 11.3
Throwing       | 7 11 | 11.8

Action                   |  1- 3 |  4- 6 |  7- 9 | 10-12 | 13-15 | 16-18 | 19-21 | 22-24 | 25-27 || total
-------------------------+-------+-------+-------+-------+-------+-------+-------+-------+-------++-------
Melee: Hand axe          |    98 |   126 |   388 |   458 |       |       |       |       |       ||  1070
       Headbutt          |     9 |    16 |    87 |   217 |   296 |   494 |   465 |   555 |   475 ||  2614
       War axe           |       |       |       |   380 |   274 |       |       |       |       ||   654
       Flail             |       |       |       |    39 |    35 |   178 |       |       |       ||   252
       Broad axe         |       |       |       |       |   749 |  1444 |  1442 |  1735 |  1421 ||  6791
       Eveningstar       |       |       |       |       |       |       |   319 |       |       ||   319
Throw: Tomahawk          |       |       |     4 |       |       |       |       |       |       ||     4
       Javelin           |       |       |       |     4 |       |       |       |     1 |     7 ||    12
Invok: Trog's Hand       |       |     3 |     7 |    10 |     6 |     7 |     7 |    10 |     7 ||    57
       Berserk           |       |     3 |     3 |    13 |    11 |     6 |     5 |    12 |     7 ||    60
       Burn Spellbooks   |       |       |     2 |     1 |     2 |     2 |     5 |    11 |     6 ||    29
       Brothers in Arms  |       |       |       |       |     1 |     2 |     4 |       |     7 ||    14
 Abil: Evoke Flight      |       |       |       |       |       |       |       |     2 |       ||     2
       Stop Flying       |       |       |       |       |       |       |       |     1 |       ||     1
Evoke: Wand              |       |       |       |       |       |       |       |     2 |    18 ||    20
       Phantom mirror    |       |       |       |       |       |       |       |       |     1 ||     1
  Use: Potion            |       |     2 |       |     3 |     4 |     3 |       |     6 |    21 ||    39
       Scroll            |       |       |    10 |     7 |    15 |    12 |     6 |    30 |    19 ||    99
 Stab: Petrifying        |       |       |       |       |     1 |       |       |       |       ||     1
       Confused          |       |       |       |       |       |     1 |       |     1 |     2 ||     4
       Distracted        |       |       |       |       |       |     3 |     1 |     4 |     2 ||    10
       Invisible         |       |       |       |       |       |       |       |       |     4 ||     4
  Eat: Chunk             |     1 |     8 |    21 |    58 |    46 |    53 |    42 |    45 |    28 ||   302
       Fruit             |       |       |     1 |       |       |       |       |       |     8 ||     9
       Pizza             |       |       |       |       |       |       |       |       |     7 ||     7
       Royal jelly       |       |       |       |       |       |       |       |       |     3 ||     3
       Beef jerky        |       |       |       |       |       |       |       |       |     1 ||     1
Armor: Ring mail         |    27 |       |       |       |       |       |       |       |       ||    27
       Chain mail        |    26 |    85 |   182 |    11 |       |       |       |       |       ||   304
       Plate armour      |       |       |       |   482 |   336 |   502 |   455 |   141 |       ||  1916
       Skin              |       |       |       |    17 |    15 |       |       |       |       ||    32
       Gold dragon armou |       |       |       |       |       |       |       |   419 |       ||   419
       Swamp dragon armo |       |       |       |       |       |       |       |    55 |   330 ||   385
Dodge: Dodged            |    51 |    53 |   171 |   339 |   298 |   472 |   456 |   565 |   757 ||  3162
Block: Shield            |       |       |       |   342 |   868 |  1481 |  1542 |  1893 |  1403 ||  7529
       Reflection        |       |       |       |       |       |       |       |    70 |    26 ||    96
